 Dungeon Crawl Stone Soup version 0.18.1-48-g4cf74bf (webtiles) character file.

489 Heedrag the Conjurer (level 6, -1/32 HPs)
             Began as a Deep Elf Conjurer on Aug 7, 2016.
             Killed from afar by an orc wizard (12 damage)
             ... with a puff of flame
             ... on level 4 of the Dungeon.
             The game lasted 00:08:38 (3486 turns).

Heedrag the Conjurer (Deep Elf Conjurer)            Turns: 3486, Time: 00:08:38

Health: -1/32      AC:  4    Str:  7    XL:     6   Next: 90%
Magic:  1/16       EV: 13    Int: 20    God:
Gold:   225        SH:  0    Dex: 15    Spells: 4 memorised, 3 levels left

rFire  . . .     SeeInvis .     r - +1 short sword (venom)
rCold  . . .     Gourm    .     a - +0 robe
rNeg   . . .     Faith    .     (no shield)
rPois  .         Spirit   .     (no helmet)
rElec  .         Dismiss  .     m - +0 cloak
rCorr  .         Reflect  .     (no gloves)
SustAt .         Harm     .     l - +0 pair of boots
MR     .....                    (no amulet)
Stlth  +.........               D - ring of loudness (curse)
                                j - ring of wizardry

@: lethally poisoned (-1 -> -12), very slightly contaminated, not resistant to
hostile enchantments, very unstealthy
A: no striking features
a: no special abilities


You were on level 4 of the Dungeon.
You were very hungry.

You visited 1 branch of the dungeon, and saw 4 of its levels.

You collected 225 gold pieces.

Inventory:

Hand Weapons
 k - a +1 short sword of protection
 r - a +1 short sword of venom (weapon)
Armour
 a - a +0 robe (worn)
 l - a +0 pair of boots (worn)
 m - a +0 cloak (worn)
Jewellery
 j - a ring of wizardry (left hand)
 D - a cursed ring of loudness (right hand)
Wands
 A - a wand of lightning (7/15)
 E - a wand of lightning (10/15)
Scrolls
 d - 2 scrolls of remove curse {unknown}
 f - a scroll of magic mapping {unknown}
 h - a scroll of enchant weapon {unknown}
 i - 2 scrolls of teleportation {unknown}
 o - 2 scrolls of immolation {unknown}
 s - a scroll of amnesia {unknown}
 u - a scroll of identify {unknown}
 w - a scroll of enchant armour {unknown}
 x - a scroll of recharging {unknown}
Potions
 e - a potion of curing
 n - a potion of ambrosia {unknown}
 p - a potion of brilliance {unknown}
 q - 3 potions of cure mutation {unknown}
 t - a potion of berserk rage {unknown}
 v - 2 potions of heal wounds {unknown}
 z - a potion of flight {unknown}
 B - a potion of agility
 C - 2 potions of magic {unknown}
Books
 b - a book of Conjurations

   Spells                             Type                      Level
   a - Magic Dart                     Conjuration                  1
   b - Searing Ray                    Conjuration                  2
   c - Dazzling Spray                 Conjuration/Hexes            3
   d - Fulminant Prism                Conjuration/Hexes            4
   e - Iskenderun's Mystic Blast      Conjuration                  4
   f - Iskenderun's Battlesphere      Conjuration/Charms           5
 y - a book of Party Tricks

   Spells                             Type                      Level
   a - Summon Butterflies             Summoning                    1
   b - Apportation                    Translocation                1
   c - Tukima's Dance                 Hexes                        3
   d - Alistair's Intoxication        Transmutation/Poison         5
   e - Invisibility                   Hexes                        6
Comestibles
 c - 3 bread rations


   Skills:
 - Level 2.4 Dodging
 - Level 2.4 Stealth
 + Level 5.8 Spellcasting
 * Level 7.7 Conjurations
 + Level 2.8 Charms


You had 3 spell levels left.
You knew the following spells:

 Your Spells              Type           Power        Failure   Level  Hunger
a - Magic Dart            Conj           ####         1%          1    None
b - Dazzling Spray        Conj/Hex       ###...       4%          3    ##.....
c - Iskenderun's Mystic   Conj           #####...     2%          4    ####...
d - Iskenderun's Battles  Conj/Chrm      ####....     16%         5    #####..


Dungeon Overview and Level Annotations

Branches:
Dungeon (4/15)
 Temple: D:4-7

Altars:
Cheibriados
Elyvilon
Fedhas
Nemelex Xobeh
Okawaru
Trog


Message History

Tha orc wizard hits ye but does nay damage.
Ye be poison'd.
Ye hit tha orc wizard.
Tha orc wizard be severely wounded.
Ye feel sick.
Tha orc wizard barely misses ye.
Ye barely miss tha orc wizard.
Tha orc wizard be severely wounded.
Ye feel sick.
Tha orc wizard hits ye wit' a dagger o' venom.
Ye be more poison'd.
Ye closely miss tha orc wizard.
Tha orc wizard be severely wounded.
Ye feel sick.
Tha orc wizard gestures at ye while chantin'.
Tha magic dart hits ye!
An orc comes inta view.
It be wieldin' a whip.
Ye feel sick.
Tha orc wizard points at ye an' mumbles some strange words.
Tha puff o' flame hits ye!
Ye die...

......# ......# ......#
......# ......#
##################
..................
########################.
#......))@.o)..... ###
########.###...)....
..####..†.......#......o.
................#........
.####...........#........
.# #.#######.###........
.# #.# #.# #........ .#
#.# #.# ####?.... .# #.#
...


You could see an orc wizard and an orc (wandering).

Vanquished Creatures
  An ogre (D:4)
  Blork the orc (D:4)
  A scorpion (D:4)
  2 orc wizards (D:4)
  A worker ant (D:4)
  A hound skeleton (D:4)
  Robin (D:2)
  2 gnolls (D:3)
  3 adders
  2 oozes
  5 worms (D:2)
  2 dart slugs (D:1)
  4 giant geckos
  15 orcs
  9 bats
  4 giant cockroaches
  13 hobgoblins
  6 kobolds
  4 giant newts
  14 goblins
  A jackal skeleton (D:4)
  8 rats
100 creatures vanquished.

Notes
Turn   | Place    | Note
--------------------------------------------------------------
     0 | D:1      | Heedrag the Deep Elf Conjurer began the quest for the Orb.
     0 | D:1      | Reached XP level 1. HP: 10/10 MP: 6/6
   172 | D:1      | Reached XP level 2. HP: 13/15 MP: 2/8
   382 | D:1      | Reached skill level 5 in Conjurations
   939 | D:1      | Reached XP level 3. HP: 19/19 MP: 8/10
   950 | D:1      | Learned a level 3 spell: Dazzling Spray
  1104 | D:2      | Noticed Robin
  1148 | D:2      | Found a bloodstained altar of Trog.
  1150 | D:2      | Found a sparkling altar of Nemelex Xobeh.
  1150 | D:2      | Found a snail-covered altar of Cheibriados.
  1150 | D:2      | You fall through a shaft for 2 floors!
  1400 | D:2      | Found a white marble altar of Elyvilon.
  1486 | D:2      | Found a blossoming altar of Fedhas.
  1553 | D:2      | Killed Robin
  1553 | D:2      | Reached XP level 4. HP: 24/24 MP: 3/12
  1708 | D:2      | Reached skill level 6 in Conjurations
  1751 | D:2      | Learned a level 4 spell: Iskenderun's Mystic Blast
  2399 | D:3      | Reached XP level 5. HP: 28/28 MP: 6/13
  2703 | D:3      | Learned a level 5 spell: Iskenderun's Battlesphere
  2708 | D:3      | Found an iron altar of Okawaru.
  2773 | D:3      | You fall through a shaft!
  2956 | D:4      | Noticed Blork the orc
  2974 | D:4      | Killed Blork the orc
  2974 | D:4      | Reached skill level 5 in Spellcasting
  2974 | D:4      | Reached skill level 7 in Conjurations
  2974 | D:4      | Reached skill level 1 in Charms
  3022 | D:4      | Reached XP level 6. HP: 10/32 MP: 5/15
  3486 | D:4      | Killed from afar by an orc wizard

Skill      XL: |  1  2  3  4  5  6 |
---------------+-------------------+-----
Conjurations   | 5 6 7 |  7.7
Spellcasting   | 4 5 |  5.8
Charms         | 1 2 |  2.8
Dodging        | |  2.4
Stealth        | |  2.4

Action                   |  1- 3 |  4- 6 || total
-------------------------+-------+-------++-------
Melee: Dagger            |     1 |       ||     1
       Short sword       |       |    25 ||    25
 Cast: Magic Dart        |    84 |   135 ||   219
       Dazzling Spray    |       |     4 ||     4
       Iskenderun's Batt |       |     1 ||     1
  Use: Potion            |       |     1 ||     1
  Eat: Chunk             |     2 |     5 ||     7
Armor: Robe              |     4 |    12 ||    16
Dodge: Dodged            |     5 |    30 ||    35
